Map: [TLMC15] Berlingrad

Players

Trap

  • Race: Protoss Protoss

Cure - Winner!

  • Race: Terran Terran

Event: DreamHack SC2 Masters 2021 Winter

VOD

Have the link to the VOD?

Description

Time

  • Played on: Nov. 9, 2021, 12:11 p.m.
  • Length: 7:46

All games in this series

Show
View Real Time Build Order
Export as new Build Order

Trap Protoss 

Build Orders: 1 Gate Expand, Blink Stalkers 

Get SALT Encoding   

  12  0:00  Probe  
  13  0:12  Probe  
  14  0:18  Pylon  
  14  0:24  Probe (Chrono Boost)  
  15  0:36  Probe (Chrono Boost)  
  15  0:37  Gateway  
  16  0:44  Probe (Chrono Boost)  
  16  0:48  Assimilator  
  17  0:50  Probe  
  18  1:03  Probe  
  19  1:15  Probe  
  20  1:24  Nexus  
  20  1:35  Cybernetics Core  
  20  1:37  Probe  
  21  1:42  Assimilator  
  21  1:49  Probe  
  21  1:53  Pylon  
  23  2:01  Probe  
  23  2:08  Adept (Chrono Boost)  
  23  2:11  Warp Gate  
  23  2:13  Probe  
  25  2:25  Probe  
  25  2:26  Twilight Council  
  25  2:29  Stalker (Chrono Boost)  
  26  2:36  Probe (Chrono Boost)  
  29  2:44  Probe (Chrono Boost)  
  30  2:46  Probe (Chrono Boost)  
  30  2:51  Probe x2 (Chrono Boost)  
  32  2:54  Stalker  
  35  2:59  Blink (Chrono Boost)  
  35  3:04  Probe  
  36  3:06  Probe  
  37  3:13  Gateway  
  37  3:21  Gateway  
  37  3:25  Probe x2  
  39  3:27  Stalker (Chrono Boost)  
  41  3:37  Probe  
  41  3:38  Probe  
  41  3:39  Pylon  
  43  3:44  Robotics Facility  
  43  3:49  Probe  
  43  3:50  Probe  
  45  3:57  Shield Battery  
  45  4:00  Stalker  
  45  4:01  Probe  
  45  4:02  Probe  
  49  4:07  Stalker  
  48  4:19  Stalker  
  48  4:24  Probe x2  
  49  4:27  Stalker  
  51  4:33  Pylon  
  51  4:34  Observer (Chrono Boost)  
  51  4:36  Probe x2  
  51  4:38  Pylon  
  54  4:42  Assimilator  
  54  4:48  Probe x2  
  51  4:54  Stalker  
  51  4:59  Stalker  
  57  5:07  Stalker  
  57  5:10  Shield Battery  
  55  5:20  Stalker  
  57  5:21  Pylon  
  57  5:24  Pylon  
  57  5:28  Stalker  
  59  5:30  Stalker  
  57  5:41  Immortal (Chrono Boost)  
  51  5:46  Shield Battery  
  41  6:04  Stalker  
  43  6:23  Pylon  
  43  6:31  Stalker  
  39  6:33  Shield Battery  
  39  6:37  Gateway  
  38  6:56  Sentry  
  40  7:14  Gateway  
  33  7:30  Gateway  
  33  7:32  Stalker x2  
  33  7:34  Pylon  
Show
View Real Time Build Order
Export as new Build Order

Cure Terran - Winner!

Build Orders: 1/1/1 

Get SALT Encoding   

  12  0:00  SCV  
  13  0:12  SCV  
  14  0:17  Supply Depot  
  14  0:24  SCV  
  15  0:39  SCV, Barracks  
  16  0:42  Refinery  
  16  0:51  SCV  
  16  0:52  Refinery  
  17  1:03  SCV  
  18  1:07  Supply Depot  
  18  1:15  SCV  
  19  1:26  Marine  
  19  1:27  Orbital Command  
  20  1:41  Factory  
  20  1:46  Barracks Reactor  
  20  1:53  SCV  
  21  2:05  SCV  
  22  2:17  SCV  
  23  2:26  Starport  
  23  2:27  Supply Depot  
  23  2:29  SCV  
  24  2:35  Hellion x2, Marine  
  29  2:41  SCV  
  30  2:45  Supply Depot  
  30  2:56  Armory  
  30  2:57  Widow Mine x2  
  34  3:03  Medivac  
  36  3:14  Supply Depot  
  36  3:19  Widow Mine x2  
  40  3:20  Barracks Tech Lab  
  40  3:23  SCV  
  41  3:45  Supply Depot  
  41  3:47  Thor  
  41  3:48  Marine x2  
  49  4:04  Liberator  
  49  4:06  Marine x2  
  49  4:07  Hellion x2  
  52  4:22  Supply Depot, SCV  
  53  4:24  Marine x2  
  53  4:30  Siege Tank  
  58  4:42  Marine x2  
  58  4:45  Supply Depot  
  60  4:57  Liberator  
  59  5:00  Marine x2  
  57  5:18  Marine x2  
  55  5:24  Siege Tank  
  55  5:35  Marine  
  55  5:36  Marine  
  50  5:56  Siege Tank  
  49  5:57  Marine x2  
  51  6:04  Viking  
  51  6:17  Marine x2  
  50  6:43  Marine x2  
  50  6:44  Siege Tank  
  54  7:01  Marine x2  
  57  7:19  Marine x2  

Tags
 
Add a new tag
Caveats
  • Supply blocks, unpowered buildings, or Contaminate may cause inaccurate times.
  • Supply counts are checked every 10 seconds.